[Event "Titled Tuesday Blitz April 11 Late 2023"]
[White "Indjic, Aleksandar"]
[Black "Gschnitzer, Adrian"]
[WhiteFideId "911925"]
[BlackFideId "1270337"]
[WhiteElo "2614"]
[BlackElo "2338"]
[Result "1-0"]
[Round "03"]
[TimeControl "180+2"]
[Date "2023.04.11"]
[WhiteClock "0:00:07"]
[BlackClock "0:00:04"]

1. e4 c5 2. Nc3 Nc6 3. Bb5 Nd4 4. Nf3 e6 5. Bd3 a6 6. Nxd4 cxd4 7. Ne2 d5 8. exd5 Qxd5 9. O-O Bd6 10. c4 Qh5 11. f4 Nf6 12. b4 e5 13. c5 Bc7 14. fxe5 Bxe5 15. Ng3 Qh4 16. Qe1 Ng4 17. h3 Qxg3 18. Qxg3 Bxg3 19. hxg4 Bxg4 20. Bb2 O-O-O 21. Rxf7 Rhf8 22. Raf1 Rxf7 23. Rxf7 h5 24. Bf5+ Bxf5 25. Rxf5 g6 26. Rf6 h4 27. Re6 g5 28. Re4 d3 29. Bc3 Rf8 30. Bd4 Kc7 31. Be3 Kc6 32. a3 Kb5 33. Rd4 Re8 34. Rxd3 g4 35. Rd4 h3 36. Rxg4 h2+ 37. Kh1 Bc7 38. g3 Ka4 39. Kxh2 Kxa3 40. Kg2 Kb3 41. Kf3 Rf8+ 42. Ke2 Rf7 43. Bf2 Re7+ 44. Kd3 Rd7+ 45. Rd4 Rxd4+ 46. Kxd4 Kxb4 47. g4 a5 48. Kd5 Bf4 49. d3 a4 50. Bd4 a3 51. Ke4 Bc1 52. Be5 Bb2 53. c6 bxc6 54. Bd6+ Kb3 55. Bxa3 Kxa3 56. d4 Kb3 57. d5 c5 58. g5 c4 59. d6 Ba3 60. d7 Be7 61. g6 c3 62. g7 c2 63. g8=Q+ Kb2 64. Qg7+ Kb1 65. Qxe7 c1=Q 66. Qb4+ Ka1 67. Qd4+ Kb1 68. d8=Q Qc2+ 69. Qd3 Kb2 70. Qxc2+ Ka1 71. Qdd1# 1-0


[Site "https://www.chess.com"]

[Event "Titled Tuesday Blitz April 11 Late 2023"]
[White "Luo, Terry"]
[Black "Terry, Renato"]
[WhiteFideId "30931045"]
[BlackFideId "3803457"]
[WhiteElo "2265"]
[BlackElo "2575"]
[Result "0-1"]
[Round "03"]
[TimeControl "180+2"]
[Date "2023.04.11"]
[WhiteClock "0:00:14"]
[BlackClock "0:01:36"]

1. d4 d5 2. c4 dxc4 3. e4 Nc6 4. d5 Ne5 5. Nf3 Bg4 6. Be2 Bxf3 7. gxf3 e6 8. Nc3 Nf6 9. Bg5 Be7 10. f4 Nd3+ 11. Bxd3 cxd3 12. Qxd3 O-O 13. Bxf6 Bxf6 14. e5 Bh4 15. Ke2 c6 16. d6 Qb6 17. Ne4 Qxb2+ 18. Kf3 f5 19. exf6 Bxf6 20. Rab1 Qxa2 21. Rxb7 Be5 22. Rg1 Rxf4+ 23. Ke3 Raf8 24. Rg3 Rxf2 25. Rh3 Bf4+ 26. Kd4 Qd5+ 27. Kc3 Be5+ 28. Kb4 Rb2+ 29. Ka4 Qa2+ 0-1


[Site "https://www.chess.com"]

[Event "Titled Tuesday Blitz April 11 Late 2023"]
[White "Ibarra Jerez, Jose Carlos"]
[Black "Goltseva, Ekaterina"]
[WhiteFideId "2226332"]
[BlackFideId "24173770"]
[WhiteElo "2638"]
[BlackElo "2200"]
[Result "1-0"]
[Round "03"]
[TimeControl "180+2"]
[Date "2023.04.11"]
[WhiteClock "0:00:15"]
[BlackClock "0:00:01"]

1. e4 e6 2. d4 d5 3. Nc3 h6 4. Nf3 Nf6 5. e5 Ne4 6. Bd3 Bb4 7. Bd2 Nxd2 8. Qxd2 c5 9. a3 cxd4 10. axb4 dxc3 11. Qxc3 Nc6 12. b5 Ne7 13. O-O Bd7 14. Nd4 O-O 15. f4 Rc8 16. Qb4 Qb6 17. c3 Rfe8 18. Qd6 Rc7 19. Rxa7 Nc8 20. Qxb6 Nxb6 21. Rfa1 f6 22. Re1 Kf7 23. Kf2 Bc8 24. Ke3 Nd7 25. b6 Nxb6 26. Nb5 Rc6 27. Nd6+ Rxd6 28. exd6 e5 29. fxe5 fxe5 30. Ba6 Rd8 31. Rf1+ Kg8 32. Bxb7 Rd7 33. Bxc8 Rxa7 34. Be6+ Kh7 35. d7 Nxd7 36. Rf7 Rb7 37. Rxd7 Rxb2 38. Bf5+ Kg8 39. Kf3 1-0


[Site "https://www.chess.com"]

[Event "Titled Tuesday Blitz April 11 Late 2023"]
[White "Petre, Nad-Titus"]
[Black "Babazada, Khazar"]
[WhiteFideId "1204165"]
[BlackFideId "13413554"]
[WhiteElo "2354"]
[BlackElo "2351"]
[Result "1/2-1/2"]
[Round "03"]
[TimeControl "180+2"]
[Date "2023.04.11"]
[WhiteClock "0:00:11"]
[BlackClock "0:00:21"]

1. e4 c6 2. d4 d5 3. exd5 cxd5 4. Bd3 Nc6 5. c3 Nf6 6. Bf4 Bg4 7. Qb3 Qc8 8. Nd2 e6 9. Ngf3 Be7 10. O-O O-O 11. Rfe1 Bh5 12. a4 b6 13. Ne5 Nd7 14. Nxc6 Qxc6 15. a5 Bg6 16. Bb5 Qc8 17. Bxd7 Qxd7 18. axb6 axb6 19. Qxb6 Bd3 20. Qc7 Qxc7 21. Bxc7 Rfc8 22. Bf4 g5 23. Bg3 h5 24. h3 h4 25. Bh2 Kf8 26. Nf3 Ke8 27. g3 Rab8 28. gxh4 Rxb2 29. hxg5 Rxc3 30. Re3 Rbc2 31. Ra8+ Bd8 32. Be5 Be4 33. Bf6 Rc8 34. Rxc8 Rxc8 35. Bxd8 Kxd8 36. Ne5 Ke7 37. f3 Bf5 38. Ra3 Rc7 39. Kh2 f6 40. gxf6+ Kxf6 41. f4 Be4 42. Kg3 Kf5 43. Nf3 Bxf3 44. Kxf3 Rh7 45. Kg3 Ke4 46. Ra6 Re7 47. h4 Kxd4 48. h5 Ke4 49. Kg4 Rg7+ 50. Kh4 Kf5 51. Ra8 Kxf4 52. Rf8+ Ke4 53. h6 Rg1 54. Kh5 d4 55. h7 Rh1+ 56. Kg6 e5 57. h8=Q Rxh8 58. Rxh8 d3 59. Rd8 Kf3 60. Kf5 e4 61. Rd4 d2 62. Rxd2 e3 63. Rd3 Kf2 64. Ke4 e2 65. Rd2 Kf1 66. Rxe2 Kxe2 1/2-1/2


[Site "https://www.chess.com"]

[Event "Titled Tuesday Blitz April 11 Late 2023"]
[White "Urazayev, Arystanbek"]
[Black "Pasti, Aron"]
[WhiteFideId "13709810"]
[BlackFideId "785857"]
[WhiteElo "2449"]
[BlackElo "2173"]
[Result "1-0"]
[Round "03"]
[TimeControl "180+2"]
[Date "2023.04.11"]
[WhiteClock "0:00:38"]
[BlackClock "0:00:04"]

1. c4 e5 2. Nc3 Nf6 3. Nf3 Nc6 4. e3 Bb4 5. Qc2 Bxc3 6. bxc3 d5 7. cxd5 Qxd5 8. Rb1 e4 9. Nd4 Ne5 10. c4 Qd8 11. Ba3 b6 12. c5 O-O 13. cxb6 axb6 14. Bxf8 Qxf8 15. Be2 c5 16. Nb5 Bg4 17. Bxg4 Nd3+ 18. Ke2 Nxg4 19. f3 Nge5 20. f4 Nc6 21. Nc3 Ncb4 22. Qb3 Qc8 23. h3 Qd7 24. Nxe4 Qe7 25. Kf3 Qb7 26. a3 Re8 27. axb4 Qxe4+ 28. Kg3 g5 29. Rhf1 gxf4+ 30. Kh2 c4 31. Qa4 fxe3 32. dxe3 Qe5+ 33. Kh1 Qxe3 34. Qd7 Re7 35. Qc8+ Kg7 36. Qg4+ Kh8 37. Qxc4 Nf2+ 38. Rxf2 Qxf2 39. Rf1 Re1 40. Qc3+ 1-0


[Site "https://www.chess.com"]

[Event "Titled Tuesday Blitz April 11 Late 2023"]
[White "Costachi, Mihnea"]
[Black "Sai Han Thiha"]
[WhiteFideId "1217518"]
[BlackFideId "13012290"]
[WhiteElo "2456"]
[BlackElo "1954"]
[Result "0-1"]
[Round "03"]
[TimeControl "180+2"]
[Date "2023.04.11"]
[WhiteClock "0:01:17"]
[BlackClock "0:00:33"]

1. e4 c6 2. Nc3 d5 3. Nf3 Bg4 4. h3 Bxf3 5. Qxf3 e6 6. d3 Nd7 7. Be2 g6 8. Bd2 Bg7 9. O-O Ne7 10. g3 O-O 11. Qh1 Qb6 12. Rab1 Rad8 13. h4 h5 14. g4 hxg4 15. h5 gxh5 16. Qxh5 Nf6 17. Qh1 Ng6 18. Bg5 Qd4 19. Bxf6 Qxf6 20. Bxg4 Qg5 21. Qg2 Be5 22. Ne2 dxe4 23. dxe4 Rd2 24. Rfd1 Nh4 25. Qh3 Rxe2 26. Kf1 Rxe4 27. Be2 Ng6 28. Rd7 Rxe2 29. Kxe2 Nf4+ 30. Kf3 Nxh3 31. Rg1 Nxg1+ 0-1


[Site "https://www.chess.com"]

[Event "Titled Tuesday Blitz April 11 Late 2023"]
[White "Harvey, Marcus R"]
[Black "Vovk, Orest"]
[WhiteFideId "400092"]
[BlackFideId "14113490"]
[WhiteElo "2457"]
[BlackElo "2215"]
[Result "1-0"]
[Round "03"]
[TimeControl "180+2"]
[Date "2023.04.11"]
[WhiteClock "0:00:45"]
[BlackClock "0:00:03"]

1. d4 h6 2. e4 g5 3. h4 g4 4. h5 d5 5. exd5 Qxd5 6. Nc3 Qa5 7. Bc4 Bg7 8. Ne2 c5 9. Be3 Nc6 10. dxc5 g3 11. fxg3 Bg4 12. O-O Nf6 13. Qe1 O-O 14. a3 Nxh5 15. b4 Qc7 16. Nf4 Qe5 17. Ncd5 Qxa1 18. Qxa1 Bxa1 19. Rxa1 Nxg3 20. b5 Ne5 21. Nxe7+ Kh7 22. Bb3 Nf5 23. Nxf5 Bxf5 24. Nd5 Rad8 25. Bd4 Ng4 26. c6 bxc6 27. bxc6 Be6 28. c4 Rd6 29. Bc5 Rdd8 30. c7 Rc8 31. Bxf8 Rxf8 32. Ne7 Ne5 33. Re1 Ng6 34. Rxe6 fxe6 35. c8=Q Rxc8 36. Nxc8 a5 37. c5 Kg7 38. c6 Kf7 39. Nd6+ Ke7 40. c7 1-0


[Site "https://www.chess.com"]

[Event "Titled Tuesday Blitz April 11 Late 2023"]
[White "Bilych, Olexiy"]
[Black "Tworuszka, Michal"]
[WhiteFideId "14156504"]
[BlackFideId "1117858"]
[WhiteElo "2320"]
[BlackElo "2260"]
[Result "1-0"]
[Round "03"]
[TimeControl "180+2"]
[Date "2023.04.11"]
[WhiteClock "0:01:21"]
[BlackClock "0:00:02"]

1. d4 d5 2. c4 e6 3. Nf3 Nf6 4. Nc3 Bb4 5. cxd5 exd5 6. Qa4+ Nc6 7. Bg5 h6 8. Bxf6 Qxf6 9. e3 O-O 10. Rc1 a6 11. a3 Bxc3+ 12. Rxc3 Qg6 13. Qd1 Be6 14. g3 Bg4 15. Bg2 Qd6 16. Qc2 Bxf3 17. Bxf3 Rfe8 18. O-O Re7 19. Rc5 Rd8 20. Bxd5 Qxd5 21. Rxd5 Rxd5 22. b4 h5 23. h4 g6 24. Rc1 Rf5 25. Qb3 Kg7 26. a4 Nd8 27. Rc5 Rf6 28. b5 axb5 29. axb5 Rb6 30. Qd5 Ne6 31. Qe5+ Kg8 32. d5 Nxc5 33. Qxe7 Na4 34. Qxc7 Rxb5 35. d6 Nc5 36. d7 Nxd7 37. Qxd7 Rb1+ 38. Kg2 b5 39. Qd3 Rb2 40. Qd8+ Kh7 41. Qf8 1-0


[Site "https://www.chess.com"]

[Event "Titled Tuesday Blitz April 11 Late 2023"]
[White "Yanchenko, Roman"]
[Black "Jonkman, Harmen"]
[WhiteFideId "4137329"]
[BlackFideId "1002708"]
[WhiteElo "2491"]
[BlackElo "2368"]
[Result "1-0"]
[Round "03"]
[TimeControl "180+2"]
[Date "2023.04.11"]
[WhiteClock "0:00:13"]
[BlackClock "0:00:31"]

1. d4 Nf6 2. Nf3 e6 3. c4 Bb4+ 4. Bd2 a5 5. e3 O-O 6. Bd3 b6 7. O-O Bb7 8. h3 Bxd2 9. Nbxd2 d6 10. Qc2 Nbd7 11. Rfd1 h6 12. Rac1 Qe7 13. b3 e5 14. dxe5 Nxe5 15. Be2 Rfe8 16. Nxe5 Qxe5 17. Bf3 Bxf3 18. Nxf3 Qh5 19. Rd4 Re7 20. Rcd1 Rae8 21. a3 Ne4 22. b4 axb4 23. axb4 Re6 24. Rd5 Qg6 25. Nd4 Rf6 26. f3 Ng5 27. Qxg6 Rxg6 28. Kf2 Ne6 29. Ra1 Nxd4 30. Rxd4 Rge6 31. Rd3 R8e7 32. Ra8+ Kh7 33. g4 g5 34. e4 Kg6 35. Rda3 Kf6 36. Rh8 Ke5 37. Ke3 c6 38. Ra6 d5 39. Rxb6 dxe4 40. Rd8 Kf6 41. Rd2 Ra7 42. fxe4 Ra3+ 43. Rd3 Ra4 44. Kf3 Ke5 45. Rb7 Ra1 46. Rd2 Ra3+ 47. Kg2 Kxe4 48. Rxf7 Re3 49. b5 cxb5 50. cxb5 Rb3 51. Re2+ Kd5 52. Rd7+ Kc5 53. Rxe6 1-0


[Site "https://www.chess.com"]

[Event "Titled Tuesday Blitz April 11 Late 2023"]
[White "Klekowski, Maciej"]
[Black "Sztokbant, Bernardo Vainzoff"]
[WhiteFideId "1132717"]
[BlackFideId "2115956"]
[WhiteElo "2540"]
[BlackElo "2222"]
[Result "1/2-1/2"]
[Round "03"]
[TimeControl "180+2"]
[Date "2023.04.11"]
[WhiteClock "0:00:58"]
[BlackClock "0:00:06"]

1. c4 Nf6 2. Nc3 g6 3. d4 d5 4. cxd5 Nxd5 5. Bd2 Bg7 6. e4 Nxc3 7. Bxc3 O-O 8. h4 h5 9. Be2 c5 10. d5 e6 11. g4 exd5 12. Bxg7 Kxg7 13. gxh5 dxe4 14. Qc1 Rh8 15. Qxc5 Nc6 16. Rd1 Qf6 17. hxg6 fxg6 18. Rd6 Qxb2 19. Kf1 Bf5 20. h5 Raf8 21. h6+ Rxh6 22. Rxh6 Kxh6 23. Rxc6 bxc6 24. Qxf8+ Kh7 25. Qf7+ Kh6 26. Qf8+ Kh7 27. Qe7+ Kh6 28. Qxa7 Qc1+ 29. Kg2 Qg5+ 30. Kh2 Qh4+ 31. Nh3 Qxh3+ 32. Kg1 Bg4 33. Bf1 Qf3 34. a4 Qd1 35. a5 g5 36. Qe3 Bf3 37. a6 Qd7 38. Bc4 Qd1+ 39. Bf1 Qd7 40. Qc5 Qg4+ 41. Kh2 Qf4+ 42. Kg1 Qg4+ 43. Kh2 Qf4+ 44. Kg1 Qg4+ 1/2-1/2


[Site "https://www.chess.com"]

[Event "Titled Tuesday Blitz April 11 Late 2023"]
[White "Idani, Pouya"]
[Black "Shapiro, Viktor"]
[WhiteFideId "12510130"]
[BlackFideId "4175700"]
[WhiteElo "2574"]
[BlackElo "2152"]
[Result "1-0"]
[Round "03"]
[TimeControl "180+2"]
[Date "2023.04.11"]
[WhiteClock "0:00:13"]
[BlackClock "0:00:08"]

1. e4 Nf6 2. e5 Nd5 3. c4 Nb6 4. d4 d6 5. f4 dxe5 6. fxe5 c5 7. d5 g6 8. Nc3 Bg7 9. Bf4 O-O 10. Nf3 Bg4 11. h3 Bxf3 12. Qxf3 e6 13. O-O-O N8d7 14. Qe3 exd5 15. cxd5 Re8 16. e6 Qf6 17. Bg5 Qe5 18. Qxe5 Nxe5 19. Bb5 fxe6 20. Bxe8 Rxe8 21. dxe6 Nc6 22. e7 h6 23. Rd8 hxg5 24. Rxe8+ Kf7 25. Rd8 Kxe7 26. Rdd1 Nd4 27. Rhe1+ Kd7 28. Ne2 Nd5 29. Nxd4 cxd4 30. Re4 Kd6 31. Kd2 Be5 32. a3 b5 33. Rde1 Bf4+ 34. Kd3 Be3 35. g3 a5 36. Rxd4 Bxd4 37. Kxd4 Nb6 38. Re5 b4 39. Rxa5 bxa3 40. bxa3 Nd7 41. Rd5+ Ke6 42. Rxd7 Kxd7 43. Ke5 1-0


[Site "https://www.chess.com"]

[Event "Titled Tuesday Blitz April 11 Late 2023"]
[White "Prydun, Andriy"]
[Black "Iliaguev, Nisim"]
[WhiteFideId "14145898"]
[BlackFideId "2817276"]
[WhiteElo "2164"]
[BlackElo "2241"]
[Result "0-1"]
[Round "03"]
[TimeControl "180+2"]
[Date "2023.04.11"]
[WhiteClock "0:00:02"]
[BlackClock "0:01:45"]

1. e4 c6 2. d4 d5 3. e5 Bf5 4. Bd3 Bxd3 5. cxd3 e6 6. Nc3 Ne7 7. Nf3 h5 8. h4 Nf5 9. g3 Nd7 10. Kf1 Be7 11. Kg2 O-O 12. Ne2 g6 13. Bg5 Rc8 14. Nf4 Bxg5 15. hxg5 Kg7 16. Rxh5 gxh5 17. Nxh5+ Kh7 18. Qh1 Rh8 19. g4 Ne7 20. Qh2 Kg8 21. Rh1 Ng6 22. Qg1 Qe7 23. Qb1 c5 24. Qc1 b6 25. Ne1 Qd8 26. f4 cxd4 27. Qd1 Rxh5 28. gxh5 Nxf4+ 29. Kf2 Nxe5 30. h6 Kh8 31. Rh4 Qxg5 32. Nf3 Qg2+ 0-1


[Site "https://www.chess.com"]

[Event "Titled Tuesday Blitz April 11 Late 2023"]
[White "Gil Alba, Hector Luis"]
[Black "Jaracz, Pawel"]
[WhiteFideId "3504670"]
[BlackFideId "1102222"]
[WhiteElo "2331"]
[BlackElo "2438"]
[Result "1-0"]
[Round "03"]
[TimeControl "180+2"]
[Date "2023.04.11"]
[WhiteClock "0:00:15"]
[BlackClock "0:00:03"]

1. e4 c5 2. Nf3 e6 3. Nc3 Nc6 4. Bb5 Nd4 5. O-O a6 6. Bd3 Nc6 7. b3 Bd6 8. Bb2 Nge7 9. Re1 f6 10. e5 Nxe5 11. Ne4 Nxf3+ 12. Qxf3 Qc7 13. Qh5+ Kd8 14. Qf7 Rg8 15. Nxf6 gxf6 16. Bxf6 Re8 17. Bxh7 Bxh2+ 18. Kh1 Qf4 19. Bg6 Qh6 20. Qxe8+ Kc7 21. Bxe7 Be5+ 22. Kg1 Qh2+ 23. Kf1 Bxa1 24. Qd8+ Kc6 25. c4 Qh1+ 26. Ke2 Qxg2 27. Bd3 Be5 28. Kd1 Bc7 29. Qe8 Kb6 30. Qf8 Qg4+ 31. Kc2 Qd4 32. Re4 Qa1 33. Bxc5+ Kc6 34. Bd4 Qxa2+ 35. Bb2 d6 36. Rd4 Kb6 37. Rxd6+ Ka7 38. Rd4 Be5 39. Qc5+ b6 40. Qxe5 Bb7 41. Qc7 Rc8 42. Qe7 Qa5 43. Rd7 Rb8 44. Be4 1-0


[Site "https://www.chess.com"]

[Event "Titled Tuesday Blitz April 11 Late 2023"]
[White "Korchmar, Vasiliy"]
[Black "Gonzalez, Francisco Silva"]
[WhiteFideId "24131750"]
[BlackFideId "1512285"]
[WhiteElo "2370"]
[BlackElo "2074"]
[Result "1-0"]
[Round "03"]
[TimeControl "180+2"]
[Date "2023.04.11"]
[WhiteClock "0:00:53"]
[BlackClock "0:00:33"]

1. e4 e5 2. Nf3 Nc6 3. Bc4 Bc5 4. c3 Nf6 5. d3 d6 6. Bg5 h6 7. Bh4 g5 8. Bg3 Qe7 9. Nbd2 a6 10. O-O Ba7 11. a4 Bg4 12. b4 Nh5 13. Bd5 Nd8 14. b5 c6 15. bxc6 bxc6 16. Bc4 a5 17. Rb1 Ne6 18. Kh1 Nef4 19. Qc2 Kf8 20. Rfe1 Rg8 21. d4 Kg7 22. h3 Bc8 23. Nf1 Kh8 24. Ne3 Qf6 25. Ng4 Bxg4 26. hxg4 Nxg3+ 27. fxg3 Ne6 28. Rf1 Qe7 29. dxe5 Bc5 30. exd6 Qxd6 31. e5 Qe7 32. Qf5 Rab8 33. Rxb8 Rxb8 34. Bd3 Nf8 35. Nd2 Kg7 36. Ne4 Ba3 37. Nf6 Qe6 38. Nh5+ Kg8 39. Qe4 Qd5 40. Nf6+ Kg7 41. Nxd5 cxd5 42. Qxd5 Ne6 43. Qd7 Rf8 44. Bc4 Nd8 45. e6 Rg8 46. Rxf7+ Kg6 47. Bd3# 1-0


[Site "https://www.chess.com"]

[Event "Titled Tuesday Blitz April 11 Late 2023"]
[White "Adewumi, Tanitoluwa"]
[Black "Bochnicka, Vladimir"]
[WhiteFideId "30966396"]
[BlackFideId "14943450"]
[WhiteElo "2283"]
[BlackElo "2094"]
[Result "1-0"]
[Round "03"]
[TimeControl "180+2"]
[Date "2023.04.11"]
[WhiteClock "0:00:03"]
[BlackClock "0:00:05"]

1. e4 c5 2. Nf3 Nc6 3. Bb5 e6 4. Bxc6 bxc6 5. b3 d5 6. d3 Be7 7. Bb2 Nf6 8. O-O O-O 9. Qe1 c4 10. e5 Nd7 11. dxc4 dxc4 12. Nbd2 Ba6 13. Nxc4 Bxc4 14. bxc4 Rb8 15. Bc3 Bc5 16. Qe4 Qe7 17. Qxc6 Rfc8 18. Qe4 Nb6 19. Rab1 h6 20. Rfd1 Qc7 21. Kf1 Be7 22. Ba5 Qxc4+ 23. Qxc4 Rxc4 24. Bxb6 axb6 25. Rd2 Bc5 26. Ke2 Ra8 27. Rb2 Ra3 28. Rd3 Raa4 29. Nd2 Rh4 30. h3 Rh5 31. Nf3 g5 32. Nh2 Rhh4 33. Ng4 h5 34. Nf6+ Kg7 35. g4 Bd4 36. c3 Bxe5 37. Nxh5+ Kg6 38. Re3 Bf4 39. Rf3 Rxh5 40. gxh5+ Kxh5 41. Rxb6 Rxa2+ 42. Kd3 Rd2+ 43. Kc4 e5 44. Rf6 e4 45. R3xf4 gxf4 46. Rxf4 Rd3 47. Rxf7 Rxh3 48. Rf4 e3 49. fxe3 Rxe3 50. Kb4 Kg5 51. Rf1 Re6 52. c4 Rb6+ 53. Ka5 Rb8 54. c5 Rc8 55. Kb6 Rb8+ 56. Kc7 Rb2 57. c6 Rc2 58. Kd7 Rd2+ 59. Kc8 Rc2 60. c7 Rd2 61. Rf8 Kg6 62. Rd8 Rc2 63. Kd7 Rd2+ 64. Ke8 Re2+ 65. Kf8 Rc2 66. c8=Q 1-0


[Site "https://www.chess.com"]

[Event "Titled Tuesday Blitz April 11 Late 2023"]
[White "Novik, Maxim"]
[Black "Djordjevic, Vuk"]
[WhiteFideId "4102924"]
[BlackFideId "902098"]
[WhiteElo "2287"]
[BlackElo "2452"]
[Result "1-0"]
[Round "03"]
[TimeControl "180+2"]
[Date "2023.04.11"]
[WhiteClock "0:00:08"]
[BlackClock "0:00:04"]

1. c4 e5 2. Nc3 Nc6 3. g3 g6 4. Bg2 Bg7 5. Rb1 d6 6. b4 a6 7. a4 Be6 8. b5 axb5 9. axb5 Na5 10. d3 f5 11. Nd5 c6 12. bxc6 bxc6 13. Bg5 Nf6 14. Nxf6+ Bxf6 15. Bxf6 Qxf6 16. Nf3 e4 17. Nd2 exd3 18. exd3 O-O 19. O-O d5 20. c5 Qd4 21. Qc2 f4 22. Nf3 Qf6 23. Rb4 fxg3 24. fxg3 Qe7 25. Re1 Qd7 26. Ne5 Qg7 27. Rb6 Bf5 28. Qb2 Rfe8 29. h3 Rac8 30. g4 Be4 31. dxe4 Qxe5 32. Qxe5 Rxe5 33. Rf1 Nc4 34. Rb7 Rf8 35. Rxf8+ Kxf8 36. exd5 cxd5 37. c6 Re1+ 38. Kf2 Nd6 39. Kxe1 1-0


[Site "https://www.chess.com"]

[Event "Titled Tuesday Blitz April 11 Late 2023"]
[White "Jumanov, Elbek"]
[Black "Castaneda, Jhon David"]
[WhiteFideId "14202905"]
[BlackFideId "4405048"]
[WhiteElo "2055"]
[BlackElo "2102"]
[Result "1-0"]
[Round "03"]
[TimeControl "180+2"]
[Date "2023.04.11"]
[WhiteClock "0:00:14"]
[BlackClock "0:00:08"]

1. c4 e6 2. Nf3 d5 3. d4 Nf6 4. g3 Be7 5. Bg2 O-O 6. O-O dxc4 7. Qc2 a6 8. a4 Bd7 9. Rd1 Bc6 10. Nc3 Bb4 11. Bg5 Nbd7 12. d5 exd5 13. Nxd5 Bxd5 14. Rxd5 Qc8 15. Rd4 c5 16. Rd6 Ne8 17. Rdd1 f6 18. Bh3 Rf7 19. Be6 Nc7 20. Bxf7+ Kxf7 21. Qxc4+ Kf8 22. Bf4 Ne8 23. Qd3 Nb6 24. Qxh7 Qg4 25. h3 Qe6 26. Nh4 Kf7 27. Qh5+ Kg8 28. Ng6 Rc8 29. h4 Nd7 30. Rxd7 Qxd7 31. Qh8+ Kf7 32. Qh5 Kg8 33. g4 c4 34. Qh8+ Kf7 35. Qf8+ Ke6 36. Qg8+ Qf7 37. Qh7 Rc5 38. Be3 Rd5 39. Nf4+ Kd6 40. Nxd5 Kxd5 41. Rd1+ Kc6 42. Qe4+ Kc7 43. Bf4+ Kc8 44. Qf5+ 1-0


[Site "https://www.chess.com"]

[Event "Titled Tuesday Blitz April 11 Late 2023"]
[White "Domingo Nunez, Ruben"]
[Black "Mikhalsky, Vladimir"]
[WhiteFideId "22245570"]
[BlackFideId "14144352"]
[WhiteElo "2404"]
[BlackElo "2236"]
[Result "0-1"]
[Round "03"]
[TimeControl "180+2"]
[Date "2023.04.11"]
[WhiteClock "0:00:05"]
[BlackClock "0:00:03"]

1. b3 e5 2. Bb2 Nc6 3. e3 Nf6 4. Bb5 d6 5. d4 exd4 6. Qxd4 Bd7 7. Qd2 a6 8. Bd3 Ne5 9. Nf3 Nxf3+ 10. gxf3 Bc6 11. e4 g6 12. c4 Bg7 13. Nc3 Nd7 14. Nd5 Bxb2 15. Qxb2 Ne5 16. Be2 Bxd5 17. cxd5 Qf6 18. O-O-O O-O 19. Kb1 a5 20. a4 Kg7 21. Rc1 Rfc8 22. Qd4 c5 23. dxc6 bxc6 24. Qe3 Rab8 25. f4 Nd7 26. Ka2 Rb4 27. Rhd1 Rcb8 28. e5 dxe5 29. Rxd7 Rxb3 30. fxe5 Qe6 31. Bc4 Rb2+ 32. Ka1 Qxd7 33. e6 fxe6 34. Qe5+ Kf8 35. Re1 Rxf2 36. Qh8+ Ke7 37. Qg7+ Rf7 38. Qe5 Qd6 39. Qc3 Rf6 40. Bxe6 Rxe6 41. Qg7+ Kd8 42. Qg8+ Kd7 43. Qf7+ Qe7 44. Rd1+ Kc7 45. Qf4+ Kb7 46. Rb1+ Ka6 47. Qc4+ Ka7 48. Qd4+ Ka8 49. Rxb8+ Kxb8 50. Qb6+ Kc8 51. Qa6+ Qb7 52. Qxa5 c5 53. Qxc5+ Rc6 54. Qf8+ Kc7 55. Qf4+ Kb6 56. Qd4+ Ka6 57. Qd3+ Ka7 58. Qd4+ Kb8 59. Qd8+ Ka7 60. Qd5 Rc1+ 61. Ka2 Qxd5+ 0-1


[Site "https://www.chess.com"]

[Event "Titled Tuesday Blitz April 11 Late 2023"]
[White "Sieciechowicz, Marcin"]
[Black "Baches Garcia, Guillermo"]
[WhiteFideId "1130170"]
[BlackFideId "2209764"]
[WhiteElo "2302"]
[BlackElo "2334"]
[Result "1/2-1/2"]
[Round "03"]
[TimeControl "180+2"]
[Date "2023.04.11"]
[WhiteClock "0:00:04"]
[BlackClock "0:00:23"]

1. d4 Nf6 2. c4 e6 3. Nc3 d5 4. cxd5 Nxd5 5. e4 Nxc3 6. bxc3 c5 7. Nf3 cxd4 8. cxd4 Bb4+ 9. Bd2 Bxd2+ 10. Qxd2 O-O 11. Bc4 Nd7 12. O-O b6 13. Rfe1 Bb7 14. Rad1 Rc8 15. Bb3 Re8 16. h4 h6 17. h5 b5 18. a4 a6 19. axb5 axb5 20. d5 Nc5 21. dxe6 fxe6 22. Qb4 Qb6 23. Ne5 Rcd8 24. Bc2 Qc7 25. Ng6 Ba6 26. e5 Na4 27. Bb3 Nc3 28. Ra1 Bb7 29. Re3 Nd5 30. Bxd5 Bxd5 31. Qxb5 Rb8 32. Qe2 Rec8 33. Rg3 Kh7 34. Qd3 Qc2 35. Qxc2 Rxc2 36. Ra7 Rc4 37. Kh2 Re4 38. f3 Re1 39. Rg4 Reb1 40. Rd4 R1b7 41. Rxb7 Rxb7 42. Kg3 Rb2 43. Nf4 Ba2 44. Rd6 Rb5 45. Nxe6 Rxe5 46. Nf8+ Kg8 47. Ng6 Rxh5 48. Rd8+ Kh7 49. Nf8+ Kg8 50. Ng6+ Kh7 51. Nf8+ Kg8 52. Ng6+ 1/2-1/2


[Site "https://www.chess.com"]

[Event "Titled Tuesday Blitz April 11 Late 2023"]
[White "Mazurkiewicz, Michal"]
[Black "Zarubitski, Viachaslau"]
[WhiteFideId "1124943"]
[BlackFideId "13509373"]
[WhiteElo "2054"]
[BlackElo "2284"]
[Result "1-0"]
[Round "03"]
[TimeControl "180+2"]
[Date "2023.04.11"]
[WhiteClock "0:00:18"]
[BlackClock "0:00:20"]

1. e4 c5 2. Nf3 Nc6 3. g3 g6 4. Bg2 Bg7 5. O-O d6 6. d3 Nf6 7. Re1 O-O 8. e5 Nd5 9. exd6 Qxd6 10. Nbd2 b6 11. c3 Ba6 12. Nc4 Qc7 13. h4 Rad8 14. Qc2 h6 15. Bd2 e5 16. Rad1 Rfe8 17. Bc1 f5 18. Qa4 Bb7 19. Ne3 Nxe3 20. Bxe3 Kh7 21. Nd2 Rxd3 22. h5 e4 23. hxg6+ Kxg6 24. g4 Ne7 25. Qxe8+ Kh7 26. gxf5 Qe5 27. Nc4 Rxd1 28. Rxd1 Qf6 29. Rd7 Nxf5 30. Rxb7 Nh4 31. Bxe4+ Ng6 32. Bxg6+ Qxg6+ 33. Qxg6+ 1-0


[Site "https://www.chess.com"]

[Event "Titled Tuesday Blitz April 11 Late 2023"]
[White "Bronstein, Or"]
[Black "Martin Barcelo, Carles"]
[WhiteFideId "2815770"]
[BlackFideId "24561444"]
[WhiteElo "2356"]
[BlackElo "2089"]
[Result "0-1"]
[Round "03"]
[TimeControl "180+2"]
[Date "2023.04.11"]
[WhiteClock "0:00:09"]
[BlackClock "0:00:06"]

1. e4 c6 2. d4 d5 3. e5 Bf5 4. Nf3 e6 5. Be2 Nd7 6. O-O h6 7. a4 a5 8. Be3 Ne7 9. c3 Bh7 10. Ne1 Nf5 11. Bd2 Be7 12. Nd3 O-O 13. Na3 b6 14. f4 c5 15. Nb5 Rc8 16. g4 Nh4 17. Be1 cxd4 18. cxd4 g5 19. f5 exf5 20. Bxh4 gxh4 21. gxf5 Bg5 22. Nd6 Rc6 23. Nf4 Nf6 24. Bd3 Kh8 25. Nb5 Ne4 26. Bxe4 dxe4 27. f6 Rg8 28. Kh1 Bxf4 29. Rxf4 Qd5 30. Qh5 Rc2 31. Nc3 Qc4 32. Raf1 e3 33. Qxh6 Rxc3 34. bxc3 Qd5+ 35. R4f3 e2 36. Qe3 exf1=Q+ 0-1


[Site "https://www.chess.com"]

[Event "Titled Tuesday Blitz April 11 Late 2023"]
[White "Petrova, Irina"]
[Black "Sai Krishna G V"]
[WhiteFideId "14124122"]
[BlackFideId "5028280"]
[WhiteElo "2084"]
[BlackElo "2359"]
[Result "1/2-1/2"]
[Round "03"]
[TimeControl "180+2"]
[Date "2023.04.11"]
[WhiteClock "0:00:13"]
[BlackClock "0:00:32"]

1. e4 c5 2. Nf3 d6 3. Bb5+ Nc6 4. Bxc6+ bxc6 5. O-O g6 6. c3 Bg7 7. d4 cxd4 8. cxd4 Nh6 9. Nc3 O-O 10. h3 Rb8 11. Re1 Qa5 12. Qc2 f5 13. Bd2 Qb6 14. b3 f4 15. Rac1 Bd7 16. Na4 Qb5 17. Bc3 Qh5 18. Qe2 g5 19. d5 Bxc3 20. Nxc3 c5 21. e5 g4 22. hxg4 Bxg4 23. exd6 exd6 24. Ne4 Nf5 25. Ned2 Nd4 26. Qd3 Bxf3 27. Nxf3 Nxf3+ 28. Qxf3 Qxf3 29. gxf3 Rbe8 30. Kg2 Kf7 31. Kh3 Kf6 32. Kg4 Re5 33. Rcd1 Rg8+ 34. Kxf4 Rf5+ 35. Ke3 Re8+ 36. Kd3 Rxd5+ 37. Kc4 Rxd1 38. Rxd1 Ke6 39. Rh1 Re7 40. Rh6+ Kd7 41. Kd5 Re5+ 42. Kc4 Re7 43. Kd5 Re5+ 44. Kc4 Kc6 45. Rxh7 d5+ 46. Kd3 Rf5 47. Rxa7 Rxf3+ 48. Ke2 Rc3 49. Kd2 d4 50. Rf7 Kb5 51. f4 Kb4 52. f5 Ka3 53. Ra7+ Kb2 54. f6 Rf3 55. f7 Rf5 56. Kd3 Rf3+ 57. Kd2 Rf2+ 58. Kd3 Rf3+ 59. Kd2 1/2-1/2


[Site "https://www.chess.com"]